Stars vs Lightning
Created - December 11, 2019 at 19:15
Goals
|
Stars |
0 |
2 |
0 |
2 |
Lightning |
0 |
3 |
1 |
4 |
|
Shots
|
Stars |
11 |
8 |
7 |
26 |
Lightning |
8 |
12 |
5 |
25 |
|
1st period
No Goal
Penalties :
Cory Emmerton (Dal) for Hooking (Minor) at 13:24, Mikael Backlund (TB.) for Hooking (Minor) at 15:29
2nd period
1. Stars , Antoine Vermette 8 (Jussi Jokinen 9) at 11:54
2. Lightning , Gilbert Brule 7 (Jeff Schultz 14, Daniel Carcillo 9) at 15:05
3. Stars , Guillaume Latendresse 10 (John Tavares 19) at 16:10
4. Lightning , Mika Zibanejad 11 (Justin Schultz 5, Tyler Toffoli 12) at 16:35
5. Lightning , Mikael Backlund 3 (Dany Heatley 1, Justin Schultz 6) at 18:22
Penalties :
Alexander Frolov (Dal) for Tripping (Minor) at 5:01, Ian White (Dal) for Hooking (Minor) at 18:44
3rd period
6. Lightning , Tyler Toffoli 9 (Henrik Zetterberg 15, Rasmus Ristolainen 16) at 3:33 (PP)
Penalties :
Michael Grabner (Dal) for Roughing (Minor) at 3:21, Daniel Carcillo (TB.) for Cross-checking (Minor) at 4:00, B.J. Crombeen (Dal) for Delaying the game (Minor) at 14:43
Goalie Stats
Cory Schneider (Dal), 21 saves from 25 shots - (0.840), L, 13-5-1, 60:00 minutes
Jaroslav Halak (TB.), 24 saves from 26 shots - (0.923), W, 9-8-1, 60:00 minutes
Players Stats for Stars
Player Name G A P +/- PIM S H SB GA TA FO MP PP MP PK MP
------------------------------------------------------------------------------------
Alex Chiasson 0 0 0 1 0 2 2 0 0 1 1/1 16:20 2:02 0:00
Alexander Frolov 0 0 0 0 2 0 1 0 0 0 0/0 11:23 0:00 0:33
Andrej Sustr 0 0 0 0 0 0 1 0 1 0 0/0 12:29 0:00 1:10
Antoine Vermette 1 0 1 1 0 1 2 0 0 0 5/10 18:56 2:02 2:43
B.J. Crombeen 0 0 0 0 2 1 0 0 0 0 0/0 10:04 0:00 0:00
Boris Valabik 0 0 0 1 0 0 1 0 0 2 0/0 20:15 1:17 3:01
Brian Lee 0 0 0 -2 0 1 3 3 0 0 0/0 28:26 2:41 5:07
Cam Atkinson 0 0 0 -2 0 2 1 0 0 0 0/0 7:12 0:00 0:00
Cory Emmerton 0 0 0 0 2 1 3 0 0 0 4/4 10:58 0:00 0:53
Evgeny Grachev 0 0 0 -2 0 0 1 1 0 0 1/3 7:12 0:00 0:00
Guillaume Latendresse 1 0 1 0 0 7 0 0 1 0 1/1 22:50 1:56 4:57
Ian White 0 0 0 -2 2 1 0 3 0 1 0/0 27:38 2:41 3:57
John Tavares 0 1 1 0 0 5 0 1 1 0 18/42 22:45 1:56 4:56
Johnny Oduya 0 0 0 1 0 0 0 0 0 0 0/0 20:15 1:17 3:01
Jussi Jokinen 0 1 1 1 0 2 1 0 2 0 1/2 18:37 2:02 2:14
Michael Grabner 0 0 0 0 2 2 3 0 2 0 1/1 17:13 1:56 0:00
Niklas Hjalmarsson 0 0 0 0 0 1 0 0 0 0 0/0 11:19 0:00 0:00
Ted Purcell 0 0 0 -2 0 0 0 0 1 0 0/0 7:55 0:00 0:00
Players Stats for Lightning
Player Name G A P +/- PIM S H SB GA TA FO MP PP MP PK MP
------------------------------------------------------------------------------------
Andy Rogers 0 0 0 0 0 0 1 0 0 3 0/0 16:58 0:00 2:26
Cameron Schilling 0 0 0 0 0 0 1 1 0 0 0/0 14:59 3:11 0:00
Daniel Carcillo 0 1 1 1 2 1 1 0 1 0 0/1 15:01 0:01 0:49
Dany Heatley 0 1 1 1 0 2 0 0 0 0 0/0 8:59 0:00 0:24
Gilbert Brule 1 0 1 1 0 2 1 0 0 0 9/14 14:43 0:01 1:52
Henrik Zetterberg 0 1 1 -1 0 1 1 1 0 0 0/1 20:23 4:16 1:04
Jack Skille 0 0 0 1 0 0 1 0 0 0 0/0 8:22 0:01 0:00
Jeff Schultz 0 1 1 1 0 0 2 2 0 2 0/0 26:26 4:57 2:26
Jeff Skinner 0 0 0 0 0 1 3 0 0 0 1/1 17:52 3:51 1:20
Justin Schultz 0 2 2 0 0 1 1 2 0 0 0/0 22:14 3:11 1:32
Kevin Hayes 0 0 0 1 0 0 1 0 0 0 0/0 16:17 3:51 0:00
Mika Zibanejad 1 0 1 -1 0 1 2 0 0 1 13/26 19:09 4:16 0:39
Mikael Backlund 1 0 1 1 2 3 2 0 0 0 0/2 7:05 0:00 0:00
Patrick Kaleta 0 0 0 0 0 1 1 0 2 0 0/0 13:12 0:00 1:48
Rasmus Ristolainen 0 1 1 1 0 2 0 2 0 0 0/0 26:22 4:57 0:00
Sam Gagner 0 0 0 0 0 3 1 0 1 1 7/17 16:01 3:51 0:00
Theo Peckham 0 0 0 0 0 0 0 1 0 0 0/0 13:01 0:00 1:32
Tyler Toffoli 1 1 2 -1 0 7 1 1 0 1 2/2 18:56 4:16 0:00
3 Stars
1 - Tyler Toffoli (TB.)
2 - Gilbert Brule (TB.)
3 - Justin Schultz (TB.)
Power Play
Stars - 0 on 2 Attempt(s) - 0.00%
Lightning - 1 on 5 Attempt(s) - 20.00%
Penalty Kill
Stars - 4 on 5 Attempt(s) - 80.00%
- Score 0 goal in Penalty Kill
Lightning - 2 on 2 Attempt(s) - 100.00%
- Score 0 goal in Penalty Kill
Team Stat
Stars - Hits : 19 - Faceoff Wins : 32 - Blocked Shots : 8 - Penalty Minutes : 10
Lightning - Hits : 20 - Faceoff Wins : 32 - Blocked Shots : 10 - Penalty Minutes : 4
Official
Referees : Unknown
Linesman : Unknown
Game Notes
No Game Note
Finance
Level 1 -- Attendance: 4801 (80.02%) -- Ticket Income $552,115
Level 2 -- Attendance: 5000 (100.00%) -- Ticket Income $320,000
Level 3 -- Attendance: 1574 (78.70%) -- Ticket Income $69,256
Level 4 -- Attendance: 2798 (69.95%) -- Ticket Income $111,920
Luxury Box -- Attendance: 688 (68.80%) -- Ticket Income $147,920
Game was played at the Tampa Bay Stadium.
Total Attendance: 14861 (82.56%)
Total Ticket Income: $1,201,211
Other Income: $180,182
Total Income: $1,381,393
Stars
5 vs 5 Forward
Center Left Wing Right Wing Time % Phy DF OF
1 John Tavares Guillaume Latendresse Michael Grabner 40 1 2 2
2 Antoine Vermette Jussi Jokinen Alex Chiasson 30 1 2 2
3 Cory Emmerton Alexander Frolov B.J. Crombeen 20 1 2 2
4 Evgeny Grachev Ted Purcell Cam Atkinson 10 1 2 2
5 vs 5 Defense
Defense Defense Time % Phy DF OF
1 Ian White Brian Lee 40 1 2 2
2 Boris Valabik Johnny Oduya 30 1 2 2
3 Niklas Hjalmarsson Andrej Sustr 20 1 2 2
4 Ian White Brian Lee 10 1 2 2
PowerPlay Forward
Center Left Wing Right Wing Time % Phy DF OF
1 John Tavares Guillaume Latendresse Michael Grabner 60 0 2 3
2 Antoine Vermette Jussi Jokinen Alex Chiasson 40 0 2 3
PowerPlay Defense
Defense Defense Time % Phy DF OF
1 Ian White Brian Lee 60 0 2 3
2 Boris Valabik Johnny Oduya 40 0 2 3
Penalty Kill 4 Players Forward
Center Wing Time % Phy DF OF
1 John Tavares Guillaume Latendresse 60 0 3 2
2 Jussi Jokinen Antoine Vermette 40 0 3 2
Penalty Kill 4 Players Defense
Defense Defense Time % Phy DF OF
1 Ian White Brian Lee 60 0 3 2
2 Boris Valabik Johnny Oduya 40 0 3 2
Penalty Kill - 3 Players Forward
Forward Time % Phy DF OF
1 John Tavares 60 0 3 2
2 Guillaume Latendresse 40 0 3 2
Penalty Kill - 3 Players Defense
Defense Defense Time % Phy DF OF
1 Ian White Brian Lee 60 0 3 2
2 Boris Valabik Johnny Oduya 40 0 3 2
4 vs 4 Forward
Center Wing Time % Phy DF OF
1 John Tavares Guillaume Latendresse 60 1 2 2
2 Jussi Jokinen Antoine Vermette 40 1 2 2
4 vs 4 Defense
Defense Defense Time % Phy DF OF
1 Ian White Brian Lee 60 1 2 2
2 Boris Valabik Johnny Oduya 40 1 2 2
Last Minutes Offensive
Center Left Wing Right Wing Defense Defense
John Tavares Guillaume Latendresse Michael Grabner Ian White Brian Lee
Last Minutes Defensive
Center Left Wing Right Wing Defense Defense
John Tavares Guillaume Latendresse Michael Grabner Ian White Brian Lee
Goaltenders
Starting : Cory Schneider
Backup : Brian Elliott
Extra Forwards
Normal : Alexander Frolov, Ted Purcell, Cory Emmerton - PP : Alexander Frolov, Ted Purcell - PK : Cory Emmerton
Extra Defensemen
Normal : Niklas Hjalmarsson, Andrej Sustr, Boris Valabik - PP : Niklas Hjalmarsson - PK : Andrej Sustr, Boris Valabik
Penalty Shots
John Tavares, Guillaume Latendresse, Jussi Jokinen, Antoine Vermette, Alexander Frolov
Scratches
Shawn Matthias (Healthy)
Lightning
5 vs 5 Forward
Center Left Wing Right Wing Time % Phy DF OF
1 Mika Zibanejad Henrik Zetterberg Tyler Toffoli 35 0 2 3
2 Gilbert Brule Daniel Carcillo Kevin Hayes 30 0 2 3
3 Sam Gagner Jeff Skinner Patrick Kaleta 30 0 2 3
4 Mikael Backlund Dany Heatley Jack Skille 5 1 2 2
5 vs 5 Defense
Defense Defense Time % Phy DF OF
1 Jeff Schultz Rasmus Ristolainen 40 0 2 3
2 Justin Schultz Andy Rogers 30 0 2 3
3 Theo Peckham Cameron Schilling 20 0 2 3
4 Justin Schultz Rasmus Ristolainen 10 0 2 3
PowerPlay Forward
Center Left Wing Right Wing Time % Phy DF OF
1 Mika Zibanejad Henrik Zetterberg Tyler Toffoli 60 0 1 4
2 Sam Gagner Jeff Skinner Kevin Hayes 40 0 1 4
PowerPlay Defense
Defense Defense Time % Phy DF OF
1 Jeff Schultz Rasmus Ristolainen 60 0 2 3
2 Justin Schultz Cameron Schilling 40 0 2 3
Penalty Kill 4 Players Forward
Center Wing Time % Phy DF OF
1 Gilbert Brule Patrick Kaleta 60 1 3 1
2 Henrik Zetterberg Daniel Carcillo 40 1 3 1
Penalty Kill 4 Players Defense
Defense Defense Time % Phy DF OF
1 Jeff Schultz Andy Rogers 60 1 3 1
2 Justin Schultz Theo Peckham 40 1 3 1
Penalty Kill - 3 Players Forward
Forward Time % Phy DF OF
1 Daniel Carcillo 60 1 3 1
2 Patrick Kaleta 40 1 3 1
Penalty Kill - 3 Players Defense
Defense Defense Time % Phy DF OF
1 Jeff Schultz Andy Rogers 60 1 3 1
2 Justin Schultz Theo Peckham 40 1 3 1
4 vs 4 Forward
Center Wing Time % Phy DF OF
1 Sam Gagner Tyler Toffoli 60 0 2 3
2 Sam Gagner Jeff Skinner 40 0 2 3
4 vs 4 Defense
Defense Defense Time % Phy DF OF
1 Jeff Schultz Rasmus Ristolainen 60 0 2 3
2 Justin Schultz Andy Rogers 40 0 2 3
Last Minutes Offensive
Center Left Wing Right Wing Defense Defense
Mika Zibanejad Henrik Zetterberg Tyler Toffoli Jeff Schultz Rasmus Ristolainen
Last Minutes Defensive
Center Left Wing Right Wing Defense Defense
Gilbert Brule Daniel Carcillo Patrick Kaleta Jeff Schultz Andy Rogers
Goaltenders
Starting : Jaroslav Halak
Backup : Jhonas Enroth
Extra Forwards
Normal : Tyler Toffoli, Mika Zibanejad, Jeff Skinner - PP : Tyler Toffoli, Mika Zibanejad - PK : Jeff Skinner
Extra Defensemen
Normal : Theo Peckham, Rasmus Ristolainen, Justin Schultz - PP : Jeff Schultz - PK : Rasmus Ristolainen, Justin Schultz
Penalty Shots
Tyler Toffoli, Jeff Skinner, Kevin Hayes, Mika Zibanejad, Patrick Kaleta
Scratches
Pierre-Luc Létourneau (Healthy)
% Time on Ice - Stars
Lines # - Real PCT - Wanted PCT - Time Play
Normal Forward
1 - 34% - 40% - 16:07
2 - 31% - 30% - 14:57
3 - 20% - 20% - 9:38
4 - 15% - 10% - 7:12
Normal Defense
1 - 39% - 40% - 18:31
2 - 33% - 30% - 15:57
3 - 24% - 20% - 11:19
4 - 4% - 10% - 2:07
PP Forward
1 - 49% - 60% - 1:56
2 - 51% - 40% - 2:02
PP Defense
1 - 68% - 60% - 2:41
2 - 32% - 40% - 1:17
PK Forward
1 - 74% - 60% - 6:02
2 - 26% - 40% - 2:06
PK Defense
1 - 63% - 60% - 5:07
2 - 37% - 40% - 3:01
PK3 Forward
1 - 0% - 60%
2 - 0% - 40%
PK3 Defense
1 - 0% - 60%
2 - 0% - 40%
44 Forward
1 - 0% - 60%
2 - 0% - 40%
44 Defense
1 - 0% - 60%
2 - 0% - 40%
Last Minute Offensive - 0:00
Last Minute Defensive - 0:00
Total
Forward - 60:00
Defense - 60:00
|
% Time on Ice - Lightning
Lines # - Real PCT - Wanted PCT - Time Play
Normal Forward
1 - 31% - 35% - 14:50
2 - 31% - 30% - 14:43
3 - 24% - 30% - 11:18
4 - 15% - 5% - 7:03
Normal Defense
1 - 39% - 40% - 18:36
2 - 29% - 30% - 14:07
3 - 24% - 20% - 11:20
4 - 8% - 10% - 3:51
PP Forward
1 - 53% - 60% - 4:17
2 - 47% - 40% - 3:51
PP Defense
1 - 61% - 60% - 4:57
2 - 39% - 40% - 3:11
PK Forward
1 - 73% - 60% - 2:54
2 - 27% - 40% - 1:04
PK Defense
1 - 61% - 60% - 2:26
2 - 39% - 40% - 1:32
PK3 Forward
1 - 0% - 60%
2 - 0% - 40%
PK3 Defense
1 - 0% - 60%
2 - 0% - 40%
44 Forward
1 - 0% - 60%
2 - 0% - 40%
44 Defense
1 - 0% - 60%
2 - 0% - 40%
Last Minute Offensive - 0:00
Last Minute Defensive - 0:00
Total
Forward - 60:00
Defense - 60:00
|
Play-by-Play
1st period
0:01 of 1st period - John Tavares wins face-off versus Mika Zibanejad in neutral zone.
0:26 of 1st period - Kevin Hayes is hit by Antoine Vermette and loses puck.
1:20 of 1st period - Off-side.
1:21 of 1st period - Gilbert Brule wins face-off versus John Tavares in neutral zone.
2:51 of 1st period - Snap shot by Michael Grabner.
2:51 of 1st period - Stopped by Jaroslav Halak without a rebound.
2:52 of 1st period - John Tavares wins face-off versus Gilbert Brule in Lightning zone.
2:57 of 1st period - Snap shot by Guillaume Latendresse.
2:57 of 1st period - Shot Misses the Net.
2:59 of 1st period - Wrist shot by Ian White.
2:59 of 1st period - Deflect By Guillaume Latendresse.
2:59 of 1st period - Stopped by Jaroslav Halak with a rebound.
3:01 of 1st period - Wrist shot by Michael Grabner.
3:01 of 1st period - Stopped by Jaroslav Halak with a rebound.
3:03 of 1st period - Wrist shot by Guillaume Latendresse.
3:03 of 1st period - Stopped by Jaroslav Halak with a rebound.
3:05 of 1st period - Wrist shot by John Tavares.
3:05 of 1st period - Stopped by Jaroslav Halak without a rebound.
3:06 of 1st period - Alex Chiasson wins face-off versus Sam Gagner in Lightning zone.
3:13 of 1st period - Snap shot by Alex Chiasson.
3:13 of 1st period - Shot Misses the Net.
3:15 of 1st period - Wrist shot by Alex Chiasson.
3:15 of 1st period - Stopped by Jaroslav Halak without a rebound.
3:16 of 1st period - Sam Gagner wins face-off versus Antoine Vermette in Lightning zone.
4:17 of 1st period - Wrist shot by Jussi Jokinen.
4:17 of 1st period - Shot Misses the Net.
4:19 of 1st period - Slapshot by Ian White.
4:19 of 1st period - Stopped by Jaroslav Halak with a rebound.
4:21 of 1st period - Slapshot by Brian Lee.
4:21 of 1st period - Stopped by Jaroslav Halak without a rebound.
4:22 of 1st period - Mika Zibanejad wins face-off versus John Tavares in Lightning zone.
4:34 of 1st period - Wrist shot by Tyler Toffoli.
4:34 of 1st period - Stopped by Cory Schneider without a rebound.
4:35 of 1st period - John Tavares wins face-off versus Mika Zibanejad in Stars zone.
4:52 of 1st period - Slapshot by Michael Grabner.
4:52 of 1st period - Shot Blocked by Cameron Schilling.
5:02 of 1st period - Kevin Hayes is hit by Cory Emmerton and loses puck.
5:33 of 1st period - Slapshot by Justin Schultz.
5:33 of 1st period - Deflect By John Tavares.
5:33 of 1st period - Stopped by Cory Schneider without a rebound.
5:34 of 1st period - John Tavares wins face-off versus Mika Zibanejad in Stars zone.
6:48 of 1st period - Wrist shot by Mikael Backlund.
6:48 of 1st period - Stopped by Cory Schneider with a rebound.
7:26 of 1st period - Slapshot by Alex Chiasson.
7:26 of 1st period - Deflect By Jussi Jokinen.
7:26 of 1st period - Shot Misses the Net.
7:26 of 1st period - Puck is out of play.
7:27 of 1st period - Gilbert Brule wins face-off versus Antoine Vermette in Lightning zone.
8:17 of 1st period - Wrist shot by Antoine Vermette.
8:17 of 1st period - Shot Misses the Net.
9:04 of 1st period - Slapshot by Rasmus Ristolainen.
9:04 of 1st period - Deflect By Mikael Backlund.
9:04 of 1st period - Stopped by Cory Schneider without a rebound.
9:05 of 1st period - Mika Zibanejad wins face-off versus John Tavares in Stars zone.
9:16 of 1st period - Wrist shot by John Tavares.
9:16 of 1st period - Shot Misses the Net.
9:51 of 1st period - Off-side.
9:52 of 1st period - Evgeny Grachev wins face-off versus Sam Gagner in neutral zone.
10:03 of 1st period - Wrist shot by Cam Atkinson.
10:03 of 1st period - Stopped by Jaroslav Halak with a rebound.
10:28 of 1st period - Wrist shot by John Tavares.
10:28 of 1st period - Stopped by Jaroslav Halak without a rebound.
10:29 of 1st period - John Tavares wins face-off versus Gilbert Brule in Lightning zone.
10:30 of 1st period - Wrist shot by Guillaume Latendresse.
10:30 of 1st period - Stopped by Jaroslav Halak without a rebound.
10:31 of 1st period - Gilbert Brule wins face-off versus John Tavares in Lightning zone.
10:31 of 1st period - Gilbert Brule is hit by Michael Grabner.
11:26 of 1st period - Wrist shot by Patrick Kaleta.
11:26 of 1st period - Deflect By Sam Gagner.
11:26 of 1st period - Shot Hit the Post.
11:26 of 1st period - Puck is out of play.
11:27 of 1st period - John Tavares wins face-off versus Gilbert Brule in Stars zone.
12:16 of 1st period - Wrist shot by Evgeny Grachev.
12:16 of 1st period - Deflect By Justin Schultz.
12:16 of 1st period - Shot Blocked by Justin Schultz.
12:16 of 1st period - Puck is out of play.
12:17 of 1st period - Sam Gagner wins face-off versus Evgeny Grachev in Lightning zone.
12:22 of 1st period - Snap shot by Patrick Kaleta.
12:22 of 1st period - Deflect By Sam Gagner.
12:22 of 1st period - Stopped by Cory Schneider without a rebound.
12:23 of 1st period - Mika Zibanejad wins face-off versus John Tavares in Stars zone.
12:35 of 1st period - Icing by Michael Grabner.
12:36 of 1st period - Guillaume Latendresse wins face-off versus Mika Zibanejad in Stars zone.
12:36 of 1st period - Guillaume Latendresse is hit by Mika Zibanejad.
13:16 of 1st period - Brian Lee is hit by Mika Zibanejad and loses puck.
13:21 of 1st period - Backhand shot by Henrik Zetterberg.
13:21 of 1st period - Stopped by Cory Schneider without a rebound.
13:22 of 1st period - Cory Emmerton wins face-off versus Sam Gagner in Stars zone.
13:24 of 1st period - Minor Penalty to Cory Emmerton for Hooking.
13:25 of 1st period - Jeff Skinner wins face-off versus John Tavares in Stars zone.
13:29 of 1st period - Wrist shot by Rasmus Ristolainen.
13:29 of 1st period - Shot Misses the Net.
13:31 of 1st period - Slapshot by Jeff Schultz.
13:31 of 1st period - Shot Misses the Net.
13:33 of 1st period - Snap shot by Jeff Skinner.
13:33 of 1st period - Stopped by Cory Schneider without a rebound.
13:34 of 1st period - John Tavares wins face-off versus Sam Gagner in Stars zone.
13:43 of 1st period - Slapshot by Rasmus Ristolainen.
13:43 of 1st period - Shot Blocked by Ian White.
14:01 of 1st period - Slapshot by Sam Gagner.
14:01 of 1st period - Deflect By Kevin Hayes.
14:01 of 1st period - Shot Misses the Net.
14:01 of 1st period - Puck is out of play.
14:02 of 1st period - Mika Zibanejad wins face-off versus John Tavares in Stars zone.
14:17 of 1st period - Wrist shot by Tyler Toffoli.
14:17 of 1st period - Shot Hit the Post.
14:27 of 1st period - Jussi Jokinen is hit by Jeff Skinner and loses puck.
14:52 of 1st period - Slapshot by Brian Lee.
14:52 of 1st period - Shot Blocked by Jeff Schultz.
15:24 of 1st period - Penalty to Cory Emmerton is over, Cory Emmerton is back on ice.
15:29 of 1st period - Minor Penalty to Mikael Backlund for Hooking.
15:30 of 1st period - Gilbert Brule wins face-off versus John Tavares in Lightning zone.
17:29 of 1st period - Penalty to Mikael Backlund is over, Mikael Backlund is back on ice.
17:37 of 1st period - Snap shot by Tyler Toffoli.
17:37 of 1st period - Stopped by Cory Schneider without a rebound.
17:38 of 1st period - Cory Emmerton wins face-off versus Mika Zibanejad in Stars zone.
17:59 of 1st period - Patrick Kaleta is hit by Cam Atkinson and loses puck.
18:35 of 1st period - Cory Emmerton is hit by Kevin Hayes and loses puck.
19:21 of 1st period - Wrist shot by John Tavares.
19:21 of 1st period - Shot Blocked by Theo Peckham.
19:33 of 1st period - Rasmus Ristolainen is hit by Evgeny Grachev and loses puck.
Goals for this period are 0 for Stars vs 0 for Lightning .
Shots for this period are 11 for Stars vs 8 for Lightning .
2nd period
0:01 of 2nd period - Gilbert Brule wins face-off versus John Tavares in neutral zone.
0:03 of 2nd period - Rasmus Ristolainen is hit by Brian Lee and loses puck.
0:17 of 2nd period - Off-side.
0:18 of 2nd period - Antoine Vermette wins face-off versus Sam Gagner in neutral zone.
0:51 of 2nd period - Wrist shot by John Tavares.
0:51 of 2nd period - Shot Blocked by Justin Schultz.
1:31 of 2nd period - Snap shot by Boris Valabik.
1:31 of 2nd period - Deflect By B.J. Crombeen.
1:31 of 2nd period - Stopped by Jaroslav Halak without a rebound.
1:32 of 2nd period - John Tavares wins face-off versus Sam Gagner in Lightning zone.
2:00 of 2nd period - Wrist shot by Patrick Kaleta.
2:00 of 2nd period - Deflect By Sam Gagner.
2:00 of 2nd period - Shot Misses the Net.
2:00 of 2nd period - Puck is out of play.
2:01 of 2nd period - Gilbert Brule wins face-off versus John Tavares in Stars zone.
2:12 of 2nd period - Slapshot by Gilbert Brule.
2:12 of 2nd period - Shot Misses the Net.
2:14 of 2nd period - Slapshot by Kevin Hayes.
2:14 of 2nd period - Deflect By Daniel Carcillo.
2:14 of 2nd period - Shot Misses the Net.
2:14 of 2nd period - Puck is out of play.
2:15 of 2nd period - Tyler Toffoli wins face-off versus John Tavares in Stars zone.
2:30 of 2nd period - Snap shot by Brian Lee.
2:30 of 2nd period - Shot Blocked by Rasmus Ristolainen.
2:32 of 2nd period - Slapshot by Brian Lee.
2:32 of 2nd period - Shot Misses the Net.
2:46 of 2nd period - Snap shot by Cory Emmerton.
2:46 of 2nd period - Stopped by Jaroslav Halak with a rebound.
3:19 of 2nd period - Boris Valabik is hit by Daniel Carcillo and loses puck.
3:29 of 2nd period - Icing by Alex Chiasson.
3:30 of 2nd period - Sam Gagner wins face-off versus Antoine Vermette in Stars zone.
3:36 of 2nd period - Icing by Boris Valabik.
3:37 of 2nd period - Antoine Vermette wins face-off versus Sam Gagner in Stars zone.
3:45 of 2nd period - Off-side.
3:46 of 2nd period - Michael Grabner wins face-off versus Gilbert Brule in neutral zone.
3:51 of 2nd period - Wrist shot by John Tavares.
3:51 of 2nd period - Stopped by Jaroslav Halak without a rebound.
3:52 of 2nd period - John Tavares wins face-off versus Gilbert Brule in Lightning zone.
4:07 of 2nd period - Snap shot by Gilbert Brule.
4:07 of 2nd period - Stopped by Cory Schneider without a rebound.
4:08 of 2nd period - Sam Gagner wins face-off versus Jussi Jokinen in Stars zone.
4:44 of 2nd period - Snap shot by Guillaume Latendresse.
4:44 of 2nd period - Stopped by Jaroslav Halak with a rebound.
5:01 of 2nd period - Minor Penalty to Alexander Frolov for Tripping.
5:02 of 2nd period - John Tavares wins face-off versus Mika Zibanejad in Stars zone.
5:16 of 2nd period - Wrist shot by John Tavares.
5:16 of 2nd period - Shot Blocked by Rasmus Ristolainen.
6:53 of 2nd period - Jeff Schultz is hit by Boris Valabik and loses puck.
7:01 of 2nd period - Penalty to Alexander Frolov is over, Alexander Frolov is back on ice.
7:09 of 2nd period - Antoine Vermette is hit by Jeff Schultz and loses puck.
7:52 of 2nd period - Sam Gagner is hit by Cory Emmerton and loses puck.
8:46 of 2nd period - Icing by Mikael Backlund.
8:47 of 2nd period - Mika Zibanejad wins face-off versus Antoine Vermette in Lightning zone.
9:10 of 2nd period - Off-side.
9:11 of 2nd period - Cory Emmerton wins face-off versus Sam Gagner in neutral zone.
9:43 of 2nd period - Cory Emmerton is hit by Sam Gagner and loses puck.
9:52 of 2nd period - Snap shot by Rasmus Ristolainen.
9:52 of 2nd period - Stopped by Cory Schneider without a rebound.
9:53 of 2nd period - John Tavares wins face-off versus Mika Zibanejad in Stars zone.
10:55 of 2nd period - Wrist shot by Dany Heatley.
10:55 of 2nd period - Stopped by Cory Schneider with a rebound.
11:48 of 2nd period - Off-side.
11:49 of 2nd period - Antoine Vermette wins face-off versus Mika Zibanejad in neutral zone.
11:54 of 2nd period - Wrist shot by Antoine Vermette.
11:54 of 2nd period - Goal by Antoine Vermette - Stars : 1 - Lightning : 0.
11:55 of 2nd period - Mika Zibanejad wins face-off versus John Tavares in neutral zone.
12:20 of 2nd period - Boris Valabik is hit by Jeff Schultz and loses puck.
12:32 of 2nd period - Patrick Kaleta is hit by Alex Chiasson.
12:52 of 2nd period - Snap shot by Mikael Backlund.
12:52 of 2nd period - Deflect By Dany Heatley.
12:52 of 2nd period - Stopped by Cory Schneider with a rebound.
12:54 of 2nd period - Wrist shot by Jack Skille.
12:54 of 2nd period - Shot Misses the Net.
12:56 of 2nd period - Wrist shot by Mikael Backlund.
12:56 of 2nd period - Shot Blocked by Ian White.
13:18 of 2nd period - Andy Rogers is hit by Brian Lee and loses puck.
13:41 of 2nd period - Niklas Hjalmarsson is hit by Tyler Toffoli and loses puck.
14:00 of 2nd period - Snap shot by Jussi Jokinen.
14:00 of 2nd period - Stopped by Jaroslav Halak with a rebound.
14:51 of 2nd period - Icing by Cam Atkinson.
14:52 of 2nd period - Gilbert Brule wins face-off versus Evgeny Grachev in Stars zone.
14:53 of 2nd period - Snap shot by Daniel Carcillo.
14:53 of 2nd period - Stopped by Cory Schneider with a rebound.
15:01 of 2nd period - Snap shot by Gilbert Brule.
15:01 of 2nd period - Shot Blocked by Evgeny Grachev.
15:03 of 2nd period - Slapshot by Jeff Schultz.
15:03 of 2nd period - Shot Hit the Post.
15:05 of 2nd period - Snap shot by Gilbert Brule.
15:05 of 2nd period - Goal by Gilbert Brule - Stars : 1 - Lightning : 1.
15:06 of 2nd period - John Tavares wins face-off versus Mika Zibanejad in neutral zone.
15:22 of 2nd period - Justin Schultz is hit by Michael Grabner and loses puck.
16:02 of 2nd period - Snap shot by Patrick Kaleta.
16:02 of 2nd period - Stopped by Cory Schneider without a rebound.
16:03 of 2nd period - John Tavares wins face-off versus Mika Zibanejad in Stars zone.
16:10 of 2nd period - Snap shot by Guillaume Latendresse.
16:10 of 2nd period - Deflect By Justin Schultz.
16:10 of 2nd period - Goal by Guillaume Latendresse - Stars : 2 - Lightning : 1.
16:11 of 2nd period - John Tavares wins face-off versus Mika Zibanejad in neutral zone.
16:21 of 2nd period - Snap shot by Tyler Toffoli.
16:21 of 2nd period - Shot Misses the Net.
16:23 of 2nd period - Wrist shot by Tyler Toffoli.
16:23 of 2nd period - Deflect By Henrik Zetterberg.
16:23 of 2nd period - Shot Misses the Net.
16:23 of 2nd period - Puck is out of play.
16:24 of 2nd period - Mika Zibanejad wins face-off versus John Tavares in Stars zone.
16:27 of 2nd period - Wrist shot by Henrik Zetterberg.
16:27 of 2nd period - Deflect By Tyler Toffoli.
16:27 of 2nd period - Shot Misses the Net.
16:27 of 2nd period - Puck is out of play.
16:28 of 2nd period - Mika Zibanejad wins face-off versus John Tavares in Stars zone.
16:31 of 2nd period - Snap shot by Tyler Toffoli.
16:31 of 2nd period - Stopped by Cory Schneider with a rebound.
16:33 of 2nd period - Slapshot by Justin Schultz.
16:33 of 2nd period - Shot Misses the Net.
16:35 of 2nd period - Slapshot by Mika Zibanejad.
16:35 of 2nd period - Goal by Mika Zibanejad - Stars : 2 - Lightning : 2.
16:36 of 2nd period - Mika Zibanejad wins face-off versus John Tavares in neutral zone.
16:45 of 2nd period - Snap shot by Brian Lee.
16:45 of 2nd period - Deflect By John Tavares.
16:45 of 2nd period - Stopped by Jaroslav Halak with a rebound.
18:03 of 2nd period - John Tavares is hit by Cameron Schilling and loses puck.
18:22 of 2nd period - Wrist shot by Mikael Backlund.
18:22 of 2nd period - Goal by Mikael Backlund - Stars : 2 - Lightning : 3.
18:23 of 2nd period - Mika Zibanejad wins face-off versus John Tavares in neutral zone.
18:30 of 2nd period - Snap shot by Tyler Toffoli.
18:30 of 2nd period - Stopped by Cory Schneider with a rebound.
18:44 of 2nd period - Minor Penalty to Ian White for Hooking.
18:45 of 2nd period - Mika Zibanejad wins face-off versus John Tavares in Stars zone.
18:54 of 2nd period - Slapshot by Henrik Zetterberg.
18:54 of 2nd period - Shot Blocked by John Tavares.
19:20 of 2nd period - Slapshot by Rasmus Ristolainen.
19:20 of 2nd period - Deflect By Sam Gagner.
19:20 of 2nd period - Stopped by Cory Schneider without a rebound.
19:21 of 2nd period - Jussi Jokinen wins face-off versus Sam Gagner in Stars zone.
Goals for this period are 2 for Stars vs 3 for Lightning .
Shots for this period are 8 for Stars vs 12 for Lightning .
3rd period
0:01 of 3rd period - Mika Zibanejad wins face-off versus John Tavares in neutral zone.
0:08 of 3rd period - Slapshot by Rasmus Ristolainen.
0:08 of 3rd period - Stopped by Cory Schneider with a rebound.
0:10 of 3rd period - Snap shot by Jeff Schultz.
0:10 of 3rd period - Shot Blocked by Brian Lee.
0:12 of 3rd period - Backhand shot by Mika Zibanejad.
0:12 of 3rd period - Shot Blocked by Brian Lee.
0:14 of 3rd period - Snap shot by Henrik Zetterberg.
0:14 of 3rd period - Shot Misses the Net.
0:16 of 3rd period - Slapshot by Mika Zibanejad.
0:16 of 3rd period - Shot Misses the Net.
0:44 of 3rd period - Penalty to Ian White is over, Ian White is back on ice.
0:54 of 3rd period - Slapshot by John Tavares.
0:54 of 3rd period - Shot Misses the Net.
1:29 of 3rd period - Alex Chiasson is hit by Patrick Kaleta and loses puck.
1:40 of 3rd period - Slapshot by Andrej Sustr.
1:40 of 3rd period - Shot Misses the Net.
1:54 of 3rd period - Icing by Jussi Jokinen.
1:55 of 3rd period - Antoine Vermette wins face-off versus Daniel Carcillo in Stars zone.
2:18 of 3rd period - Wrist shot by Jussi Jokinen.
2:18 of 3rd period - Stopped by Jaroslav Halak with a rebound.
2:20 of 3rd period - Snap shot by Jussi Jokinen.
2:20 of 3rd period - Shot Misses the Net.
2:22 of 3rd period - Slapshot by Niklas Hjalmarsson.
2:22 of 3rd period - Deflect By Rasmus Ristolainen.
2:22 of 3rd period - Stopped by Jaroslav Halak without a rebound.
2:23 of 3rd period - John Tavares wins face-off versus Sam Gagner in Lightning zone.
2:26 of 3rd period - Snap shot by Guillaume Latendresse.
2:26 of 3rd period - Stopped by Jaroslav Halak without a rebound.
2:27 of 3rd period - Sam Gagner wins face-off versus John Tavares in Lightning zone.
2:35 of 3rd period - Icing by John Tavares.
2:36 of 3rd period - John Tavares wins face-off versus Mika Zibanejad in Stars zone.
2:48 of 3rd period - Slapshot by Brian Lee.
2:48 of 3rd period - Shot Misses the Net.
2:50 of 3rd period - Slapshot by Brian Lee.
2:50 of 3rd period - Shot Misses the Net.
2:52 of 3rd period - Snap shot by John Tavares.
2:52 of 3rd period - Shot Misses the Net.
2:54 of 3rd period - Snap shot by Guillaume Latendresse.
2:54 of 3rd period - Stopped by Jaroslav Halak without a rebound.
2:55 of 3rd period - Sam Gagner wins face-off versus Antoine Vermette in Lightning zone.
3:10 of 3rd period - Snap shot by Sam Gagner.
3:10 of 3rd period - Stopped by Cory Schneider without a rebound.
3:11 of 3rd period - Tyler Toffoli wins face-off versus John Tavares in Stars zone.
3:21 of 3rd period - Minor Penalty to Michael Grabner for Roughing.
3:22 of 3rd period - John Tavares wins face-off versus Mika Zibanejad in Stars zone.
3:31 of 3rd period - Wrist shot by Henrik Zetterberg.
3:31 of 3rd period - Deflect By Tyler Toffoli.
3:31 of 3rd period - Stopped by Cory Schneider with a rebound.
3:33 of 3rd period - Snap shot by Tyler Toffoli.
3:33 of 3rd period - Goal by Tyler Toffoli - Stars : 2 - Lightning : 4.
3:34 of 3rd period - Gilbert Brule wins face-off versus John Tavares in neutral zone.
3:54 of 3rd period - Michael Grabner is hit by Gilbert Brule and loses puck.
4:00 of 3rd period - Minor Penalty to Daniel Carcillo for Cross-checking.
4:01 of 3rd period - Gilbert Brule wins face-off versus John Tavares in Lightning zone.
4:41 of 3rd period - Theo Peckham is hit by Jussi Jokinen and loses puck.
5:43 of 3rd period - Icing by Alex Chiasson.
5:44 of 3rd period - Antoine Vermette wins face-off versus Henrik Zetterberg in Stars zone.
5:53 of 3rd period - Alex Chiasson is hit by Jeff Skinner and loses puck.
6:00 of 3rd period - Penalty to Daniel Carcillo is over, Daniel Carcillo is back on ice.
6:33 of 3rd period - Wrist shot by Alex Chiasson.
6:33 of 3rd period - Stopped by Jaroslav Halak with a rebound.
6:47 of 3rd period - Wrist shot by Alex Chiasson.
6:47 of 3rd period - Shot Misses the Net.
6:49 of 3rd period - Wrist shot by Boris Valabik.
6:49 of 3rd period - Shot Misses the Net.
6:51 of 3rd period - Slapshot by Johnny Oduya.
6:51 of 3rd period - Shot Blocked by Jeff Schultz.
7:15 of 3rd period - Wrist shot by Henrik Zetterberg.
7:15 of 3rd period - Deflect By Jeff Skinner.
7:15 of 3rd period - Shot Misses the Net.
7:15 of 3rd period - Puck is out of play.
7:16 of 3rd period - John Tavares wins face-off versus Mikael Backlund in Stars zone.
7:16 of 3rd period - John Tavares is hit by Mikael Backlund.
7:31 of 3rd period - Snap shot by John Tavares.
7:31 of 3rd period - Stopped by Jaroslav Halak without a rebound.
7:32 of 3rd period - Cory Emmerton wins face-off versus Mikael Backlund in Lightning zone.
7:35 of 3rd period - Wrist shot by Alexander Frolov.
7:35 of 3rd period - Shot Misses the Net.
8:49 of 3rd period - Snap shot by Guillaume Latendresse.
8:49 of 3rd period - Deflect By Sam Gagner.
8:49 of 3rd period - Shot Misses the Net.
8:49 of 3rd period - Puck is out of play.
8:50 of 3rd period - Sam Gagner wins face-off versus John Tavares in Lightning zone.
8:57 of 3rd period - Slapshot by Sam Gagner.
8:57 of 3rd period - Shot Blocked by Ian White.
8:59 of 3rd period - Snap shot by Sam Gagner.
8:59 of 3rd period - Shot Blocked by Brian Lee.
9:01 of 3rd period - Snap shot by Tyler Toffoli.
9:01 of 3rd period - Stopped by Cory Schneider with a rebound.
9:33 of 3rd period - Snap shot by Ted Purcell.
9:33 of 3rd period - Shot Misses the Net.
9:35 of 3rd period - Snap shot by Cam Atkinson.
9:35 of 3rd period - Shot Blocked by Tyler Toffoli.
9:41 of 3rd period - Snap shot by Cam Atkinson.
9:41 of 3rd period - Stopped by Jaroslav Halak with a rebound.
10:03 of 3rd period - Jeff Skinner is hit by Michael Grabner.
11:07 of 3rd period - Ian White is hit by Henrik Zetterberg and loses puck.
11:40 of 3rd period - Andrej Sustr is hit by Jack Skille and loses puck.
12:05 of 3rd period - Andy Rogers is hit by Alexander Frolov.
12:32 of 3rd period - Guillaume Latendresse is hit by Andy Rogers and loses puck.
12:54 of 3rd period - Niklas Hjalmarsson is hit by Jeff Skinner and loses puck.
13:11 of 3rd period - Dany Heatley is hit by Antoine Vermette and loses puck.
13:22 of 3rd period - Antoine Vermette is hit by Mikael Backlund and loses puck.
13:37 of 3rd period - Kevin Hayes is hit by Brian Lee and loses puck.
14:22 of 3rd period - Sam Gagner is hit by Andrej Sustr and loses puck.
14:35 of 3rd period - Gilbert Brule is hit by Cory Emmerton and loses puck.
14:43 of 3rd period - Minor Penalty to B.J. Crombeen for Delaying the game.
14:44 of 3rd period - Mika Zibanejad wins face-off versus John Tavares in Stars zone.
15:56 of 3rd period - Slapshot by Antoine Vermette.
15:56 of 3rd period - Shot Blocked by Henrik Zetterberg.
16:43 of 3rd period - Penalty to B.J. Crombeen is over, B.J. Crombeen is back on ice.
16:51 of 3rd period - Johnny Oduya is hit by Justin Schultz and loses puck.
18:47 of 3rd period - Cameron Schilling is hit by Alex Chiasson and loses puck.
Goals for this period are 0 for Stars vs 1 for Lightning .
Shots for this period are 7 for Stars vs 5 for Lightning .
Back to the Top